 Dungeon Crawl Stone Soup version 0.30-a0-358-g0d69a1922f (webtiles) character file.

Game seed: 5575317445723852364

120719 Pooter the Severer (level 16, -3/159 HPs)
             Began as a Minotaur Berserker on Nov 7, 2022.
             Was an Elder of Trog.
             Slain by a ghost moth (12 damage)
             ... on level 1 of the Spider Nest on Nov 9, 2022.
             The game lasted 02:15:34 (29535 turns).

Pooter the Severer (Minotaur Berserker)            Turns: 29535, Time: 02:15:34

Health: -3/159     AC: 29    Str: 26      XL:     16   Next: 30%
Magic:  0/13       EV: 11    Int:  6      God:    Trog [****..]
Gold:   1687       SH:  0    Dex: 17 (19) Spells: 15/15 levels left

rFire   . . .      SeeInvis +    a - +6 battleaxe (freeze)
rCold   . . .      Faith    .    (shield currently unavailable)
rNeg    . . .      Spirit   .    B - +7 chain mail "Jagrau" {-Cast rElec Dex+9}
rPois   +          Reflect  .    (helmet restricted)
rElec   +          Harm     .    X - +2 cloak
rCorr   .          Rampage  .    I - +1 pair of gloves
Will    +....      NoCast   +    k - +1 pair of boots
Stlth   ..........               c - amulet of regeneration
HPRegen 1.26/turn                S - ring of see invisible
MPRegen 0.13/turn                P - ring of poison resistance

@: on berserk cooldown, slowed, very slow
A: horns 2, retaliatory headbutt, iridescent scales 1, clumsy 1, low MP 1
a: Renounce Religion, Berserk, Trog's Hand, Brothers in Arms


You were on level 1 of the Spider Nest.
You worshipped Trog.
Trog was greatly pleased with you.
You visited 4 branches of the dungeon, and saw 23 of its levels.
You also visited: Ice Cave.

You collected 2945 gold pieces.
You spent 1258 gold pieces at shops.

Inventory:

Hand Weapons
 a - a +6 battleaxe of freezing (weapon)
   (You took it off a wight on level 7 of the Dungeon)
 b - a +8 arbalest of electrocution
   (You acquired it on level 10 of the Dungeon)
 u - a +3 scimitar of flaming
   (You took it off Azrael on level 12 of the Dungeon)
 y - a -1 demon whip of venom
   (You took it off Amaemon on level 9 of the Dungeon)
 E - a +5 flail
   (You took it off a wight on level 7 of the Dungeon)
 Z - the +9 battleaxe "Tuthrig" {vorpal, Fragile Fly rElec Stlth+}
   (Trog gifted it to you in an ice cave)

   It inflicts extra damage upon your enemies.
   rElec:     It insulates you from electricity.
   Fly:       It grants you flight.
   Fragile:   It will be destroyed if unequipped.
   Stlth:     It makes you more stealthy.
Missiles
 m - 49 poisoned darts (quivered)
 s - 3 boomerangs
 x - 6 javelins
 O - 8 curare-tipped darts
Armour
 k - a +1 pair of boots (worn)
   (You found it on level 1 of the Dungeon)
 n - a +2 plate armour of positive energy
   (You took it off an orc warrior on level 1 of the Orcish Mines)
 B - the +7 chain mail "Jagrau" (worn) {-Cast rElec Dex+9}
   (You bought it in a shop on level 2 of the Orcish Mines)

   Dex:       It affects your dexterity (+9).
   rElec:     It insulates you from electricity.
   -Cast:     It prevents spellcasting.
 I - a +1 pair of gloves (worn)
   (You found it on level 8 of the Dungeon)
 Q - +0 ice dragon scales
   (You found it in an ice cave)
 X - a +2 cloak (worn)
   (You bought it in a shop on level 2 of the Orcish Mines)
Jewellery
 c - an amulet of regeneration (around neck)
   (You found it in an ice cave)
 j - a ring of willpower
   (You found it on level 2 of the Dungeon)
 p - a ring of willpower
   (You took it off a centaur warrior on level 14 of the Dungeon)
 G - an amulet of guardian spirit
   (You found it on level 9 of the Dungeon)
 P - a ring of poison resistance (right hand)
   (You found it on level 5 of the Lair of Beasts)
 S - a ring of see invisible (left hand)
   (You found it on level 14 of the Dungeon)
 W - a +4 ring of evasion
   (You found it on level 14 of the Dungeon)
Wands
 d - a wand of iceblast (9)
   (You took it off Erica on level 1 of the Lair of Beasts)
 f - a wand of flame (26)
   (You found it on level 2 of the Lair of Beasts)
 i - a wand of charming (7)
   (You found it on level 1 of the Spider Nest)
 D - a wand of digging (7)
   (You took it off Sigmund on level 4 of the Dungeon)
 M - a wand of mindburst (11)
   (You found it on level 13 of the Dungeon)
 T - a wand of light (1)
   (You found it on level 2 of the Lair of Beasts)
Scrolls
 e - 5 scrolls of summoning
 h - 3 scrolls of blinking
 l - 6 scrolls of poison {!r}
 r - 2 scrolls of brand weapon
 t - 7 scrolls of teleportation {@r4}
 v - 7 scrolls of noise {!r}
 z - 5 scrolls of immolation {!r}
 L - 3 scrolls of fear
 N - 6 scrolls of magic mapping
 U - 2 scrolls of butterflies
 V - a scroll of silence
Potions
 g - 3 potions of mutation {!q}
 o - a potion of resistance
 q - 5 potions of flight
 w - 6 potions of attraction {!q}
 A - 5 potions of lignification {!q}
 C - 11 potions of curing {@q1}
 F - 3 potions of heal wounds {@q2}
 H - 4 potions of might
 J - 3 potions of cancellation
 K - 3 potions of haste {@q3}
 R - a potion of invisibility
Miscellaneous
 Y - a box of beasts
   (You found it on level 12 of the Dungeon)


   Skills:
 + Level 18.8 Fighting
 - Level 20.0 Axes
 - Level 18.0 Ranged Weapons
 + Level 3.5 Throwing
 + Level 11.8 Armour
 + Level 4.6 Dodging
 + Level 7.6 Evocations


You had 15 spell levels left.
You didn't know any spells.
Your spell library was empty.

Dungeon Overview and Level Annotations

Branches:
Dungeon (15/15)            Temple (0/1) D:5            Lair (5/5) D:9
 Shoals (0/4) Lair:3       Spider (1/4) Lair:2        Slime (0/5) Lair:4
    Orc (2/2) D:11            Elf (0/3) Orc:2        Vaults (0/5) D:13
 Depths (0/4) D:15          IceCv (visited)

Altars:
Ashenzari
Cheibriados
Kikubaaqudgha
Nemelex Xobeh
Qazlal
Ru
Uskayaw
Vehumet
Wu Jian
Xom
Jiyva

Shops:
D:12 !   D:15 ?   Orc:2 ?[(


Innate Abilities, Weirdness & Mutations

You have a pair of horns on your head.
You reflexively headbutt those who attack you in melee.
You are partially covered in iridescent scales. (AC +2)
You are clumsy. (Dex -2)
Your magical capacity is low. (-10% MP)


Message History

The demonic crawler resists.
The demonic crawler dies!
The bolt of lightning hits Nikola!
The bolt of lightning hits the orb spider!!!
The orb spider dies!
A bolt of lightning appears from out of thin air!
The bolt of lightning hits the ghost moth!!!
You closely miss Nikola. You headbutt Nikola! The ghost moth stares at you.
You feel your power leaking away.
* * * LOW MAGIC WARNING * * *
Nikola hits you but does no damage.
You completely miss Nikola. You headbutt Nikola.
You kill Nikola!
Trog accepts your kill.
Trog appreciates your killing of a magic user.
The ghost moth stares at you.
Your life force feels restored.
The ghost moth stares at you.
The ghost moth hits you but does no damage.
The ghost moth hits you!
* * * LOW HITPOINT WARNING * * *
The ghost moth stings you.
* * * LOW HITPOINT WARNING * * *
You feel clumsy.
Items here: $ ) [[ †.
You closely miss the ghost moth.
You hit the jumping spider but do no damage.
The jumping spider pounces on you but does no damage.
The jumping spider barely misses you. The ghost moth stares at you.
The ghost moth hits you.
* * * LOW HITPOINT WARNING * * *
You feel clumsy.
The ghost moth hits you but does no damage.
The ghost moth closely misses you. The jumping spider barely misses you.
You furiously retaliate!
You headbutt the jumping spider!
The jumping spider bites you but does no damage.
The ghost moth misses you. You furiously retaliate!
You headbutt the ghost moth!
The ghost moth hits you but does no damage.
The ghost moth barely misses you.
You slash the ghost moth! You freeze the ghost moth.
You slash the jumping spider! You freeze the jumping spider.
The jumping spider barely misses you.
The jumping spider bites you but does no damage.
The ghost moth stares at you.
The ghost moth hits you but does no damage.
The ghost moth hits you!
You die...

.#.[...).^........##
..>..#.....###
#######†.....#
...###.......#
..../.......###
.......†......#
.!^#...†.....##
..##.....s....# #
#......@...##
#......y.....^#
#.....^......##
#............#
###...........#
#.#..#....... ##...
...#.## #... ...#..


You could see a ghost moth (invisible) and a jumping spider.

Vanquished Creatures
  Nikola (Spider:1)
  Rupert (D:15)
  Jorgrun (D:12)
  Kirke (Lair:4)
  A frost giant (D:13)
  An emperor scorpion (Spider:1)
  A stone giant (D:15)
  A white draconian (IceCv)
  2 dire elephants (Lair:5)
  Azrael (D:12)
  Nessos (D:12)
  The ghost of Pope the Cleaver, a journeyman MiBe of Trog (D:12)
  4 ogre magi (Orc:2)
  A rakshasa (D:14)
  2 catoblepae (Lair:3)
  8 hydras
  18 centaur warriors
  Erica (Lair:1)
  A jorogumo (Spider:1)
  A merfolk avatar (Lair:5)
  7 boulder beetles
  15 two-headed ogres
  5 tengu warriors (D:14)
  2 radroaches (Spider:1)
  A death yak (Lair:3)
  A hell knight (D:12)
  Amaemon (D:9)
  A swamp dragon (shapeshifter) (D:13)
  An orb spider (Lair:2)
  2 sea snakes (Lair:5)
  A deep troll (D:14)
  A steelbarb worm (Spider:1)
  2 wizards
  A deep elf archer (D:14)
  An orc knight (D:14)
  3 deep elf pyromancers
  2 necromancers (D:13)
  2 harpies (Lair:5)
  A harpy (shapeshifter) (D:15)
  2 wolf spiders (Spider:1)
  3 manticores
  2 orc sorcerers (Orc:2)
  10 ugly things
  9 slime creatures
  A cyclops (shapeshifter) (D:14)
  11 cyclopes
  6 elephants
  2 black mambas
  A merfolk siren (Lair:3)
  A gargoyle (D:11)
  An orange demon (D:9)
  2 ice statues (IceCv)
  A torpor snail (Lair:3)
  8 cane toads
  Maggie (D:9)
  2 unseen horrors
  A rime drake (shapeshifter) (D:15)
  2 freezing wraiths
  8 komodo dragons
  3 kobold demonologists
  A demonic crawler (Spider:1)
  10 rime drakes
  A tengu conjurer (D:14)
  6 trolls
  3 tarantellas (Spider:1)
  3 meliai (D:14)
  A merfolk (shapeshifter) (D:14)
  2 polar bears
  2 wind drakes (Lair:5)
  3 blink frogs (Lair:5)
  Grinder (D:3)
  A snapping turtle (Lair:5)
  5 dream sheep (Lair:4)
  9 jumping spiders (Spider:1)
  A jumping spider (shapeshifter) (D:14)
  Sigmund (D:4)
  3 shadows
  3 wyverns
  3 culicivoras (Spider:1)
  3 fire bats (Lair:5)
  3 wraiths
  A fire elemental (D:12)
  5 hogs (Lair:4)
  38 yaks
  13 redbacks (Spider:1)
  4 steam dragons
  3 basilisks
  14 vampire mosquitoes
  A warg (Orc:1)
  2 acid dragons
  3 hell hounds (D:12)
  A water moccasin (shapeshifter) (D:14)
  10 water moccasins
  An ice beast (D:7)
  12 orc warriors
  2 black bears
  A black bear (shapeshifter) (D:14)
  12 centaurs
  24 ogres
  The ghost of mcwallace the Chiller, an amateur DsIE (D:4)
  15 wolves
  7 kobold brigands
  2 necrophages
  7 bullfrogs
  2 gnoll sergeants
  A scorpion (D:6)
  17 wights
  14 killer bees
  5 lindwurm simulacra (IceCv)
  5 electric eels
  A howler monkey (D:5)
  A lava snake (D:12)
  7 komodo dragon simulacra (IceCv)
  4 jellies
  A gnoll bouda (Orc:2)
  12 orc priests
  4 hounds (D:6)
  4 iguanas
  23 orc wizards
  5 hell rats (Lair:5)
  13 gnolls
  4 acid dragon simulacra (IceCv)
  8 adders
  A shadow imp (D:7)
  4 white imps
  An ufetubus (D:4)
  5 steam dragon simulacra (IceCv)
  2 worms (D:2)
  3 dart slugs
  54 orcs
  9 ball pythons
  8 bats
  7 endoplasms
  2 giant cockroaches
  5 hobgoblins
  12 quokkas
  4 frilled lizards
  9 goblins
  7 kobolds
  10 rats
  A butterfly (Lair:4)
695 creatures vanquished.

Vanquished Creatures (collateral kills)
  A death knight (D:14)
  A deep elf pyromancer (D:13)
  2 orc wizards
4 creatures vanquished.

Vanquished Creatures (others)
  An orb spider (Spider:1)
  A demonic crawler (Spider:1)
  A redback (Spider:1)
  A hell hound (D:12)
  An orc wizard (D:12)
  2 orcs (D:12)
  16 fungi
  53 plants
76 creatures vanquished.

Grand Total: 775 creatures vanquished

Notes
Turn   | Place    | Note
-------+----------+-------------------------------------------
     0 | D:1      | Pooter the Minotaur Berserker began the quest for the Orb.
     0 | D:1      | Reached XP level 1. HP: 19/19 MP: 0/0
   114 | D:1      | Reached skill level 4 in Axes
   170 | D:1      | Reached XP level 2. HP: 27/27 MP: 1/1
   329 | D:1      | Reached ** piety under Trog
   396 | D:1      | Found a faded altar of an unknown god.
   400 | D:1      | Reached XP level 3. HP: 27/33 MP: 2/2
   802 | D:2      | Reached skill level 5 in Axes
  1185 | D:2      | Reached XP level 4. HP: 41/41 MP: 3/3
  1447 | D:3      | Found an ornate altar of the Wu Jian Council.
  1790 | D:3      | Found a radiant altar of Vehumet.
  1797 | D:3      | Reached *** piety under Trog
  1801 | D:3      | Noticed Grinder
  1843 | D:3      | Killed Grinder
  1844 | D:3      | Reached skill level 5 in Fighting
  1844 | D:3      | Reached skill level 6 in Axes
  1844 | D:3      | Reached XP level 5. HP: 48/48 MP: 4/4
  1844 | D:3      | Reached XP level 6. HP: 56/56 MP: 5/5
  1971 | D:3      | Found a snail-covered altar of Cheibriados.
  1971 | D:3      | Found a hide-covered altar of Uskayaw.
  2598 | D:4      | Noticed Sigmund
  2612 | D:4      | Killed Sigmund
  2613 | D:4      | Reached skill level 7 in Axes
  2676 | D:4      | Found a runed translucent door.
  2677 | D:4      | Noticed mcwallace's ghost (amateur DsIE)
  2789 | D:4      | Killed mcwallace's ghost
  2790 | D:4      | Reached XP level 7. HP: 62/62 MP: 6/6
  3139 | D:4      | Found a sparkling altar of Nemelex Xobeh.
  3537 | D:5      | Entered Level 5 of the Dungeon
  3715 | D:5      | Found a broken altar of Ashenzari.
  3805 | D:5      | Reached skill level 8 in Axes
  3805 | D:5      | Reached skill level 5 in Ranged Weapons
  3841 | D:5      | Found a staircase to the Ecumenical Temple.
  4353 | D:6      | Reached XP level 8. HP: 71/71 MP: 7/7
  4470 | D:6      | Reached skill level 9 in Axes
  4851 | D:6      | You fall into a shaft and drop 1 floor!
  5831 | D:7      | Reached skill level 10 in Axes
  5831 | D:7      | Reached XP level 9. HP: 80/81 MP: 8/8
  6308 | D:7      | Identified the +1 scale mail of Sorcery {Str+5 Slay-5}
  6325 | D:7      | Found an ancient bone altar of Kikubaaqudgha.
  6639 | D:8      | Reached skill level 11 in Axes
  6978 | D:8      | Reached skill level 10 in Fighting
  7040 | D:8      | Found a stormy altar of Qazlal.
  7167 | D:8      | Reached XP level 10. HP: 42/93 MP: 9/9
  7170 | D:8      | Reached skill level 12 in Axes
  7347 | D:8      | Found a transporter.
  7539 | D:8      | Found a transporter.
  7950 | D:8      | Reached skill level 10 in Ranged Weapons
  8363 | D:9      | Noticed Amaemon
  8363 | D:9      | Noticed an orange demon
  8368 | D:9      | Killed Amaemon
  8370 | D:9      | Killed an orange demon
  8577 | D:9      | Noticed a manticore
  8791 | D:9      | Killed a manticore
  8979 | D:9      | Noticed Maggie
  8988 | D:9      | Killed Maggie
  8989 | D:9      | Reached skill level 13 in Axes
  9361 | D:9      | Found a staircase to the Lair.
  9401 | D:9      | Reached **** piety under Trog
  9910 | D:9      | Reached XP level 11. HP: 94/104 MP: 8/10
  9996 | D:10     | Entered Level 10 of the Dungeon
 10479 | D:10     | Noticed a two-headed ogre
 10486 | D:10     | Killed a two-headed ogre
 11131 | D:10     | Found a shimmering altar of Xom.
 11167 | D:10     | Reached skill level 14 in Axes
 11222 | D:10     | Found a sacrificial altar of Ru.
 11356 | D:10     | Noticed a two-headed ogre
 11363 | D:10     | Killed a two-headed ogre
 11405 | D:10     | Identified a scroll of acquirement
 11405 | D:10     | Acquired a +3 arbalest of electrocution
 11706 | Lair:1   | Entered Level 1 of the Lair of Beasts
 11706 | Lair:1   | Noticed Erica
 11715 | Lair:1   | Killed Erica
 12062 | Lair:1   | Identified the +1 leather armour of the Serpent {rF+ Regen+
                  | Str-4}
 13153 | Lair:2   | Found a hole to the Spider Nest.
 13153 | Lair:2   | Noticed an orb spider
 13159 | Lair:2   | Killed an orb spider
 13160 | Lair:2   | Reached skill level 1 in Evocations
 13280 | Lair:2   | You fall into a shaft and drop 1 floor!
 13432 | Lair:2   | Reached skill level 15 in Axes
 13834 | Lair:3   | Noticed a catoblepas
 13838 | Lair:3   | Noticed a four-headed hydra
 13845 | Lair:3   | Killed a catoblepas
 13846 | Lair:3   | Reached XP level 12. HP: 105/117 MP: 7/11
 13852 | Lair:3   | Killed a one-headed hydra
 14007 | Lair:3   | Found a staircase to the Shoals.
 14199 | Lair:3   | Noticed a boulder beetle
 14205 | Lair:3   | Reached skill level 5 in Armour
 14214 | Lair:3   | Killed a boulder beetle
 14551 | Lair:3   | Noticed a catoblepas
 14551 | Lair:3   | Noticed a death yak
 14765 | Lair:3   | Killed a catoblepas
 14768 | Lair:3   | Killed a death yak
 15368 | Lair:4   | Noticed Kirke
 15391 | Lair:4   | Killed Kirke
 15392 | Lair:4   | Reached skill level 15 in Fighting
 15392 | Lair:4   | Reached skill level 16 in Axes
 15823 | Lair:4   | Found a viscous altar of Jiyva.
 15828 | Lair:4   | Found a staircase to the Slime Pits.
 16059 | Lair:5   | Entered Level 5 of the Lair of Beasts
 16172 | Lair:5   | Reached XP level 13. HP: 96/127 MP: 8/12
 16400 | Lair:5   | Noticed a dire elephant
 16543 | Lair:5   | Killed a dire elephant
 16700 | Lair:5   | Noticed a dire elephant
 16712 | Lair:5   | Killed a dire elephant
 17337 | Lair:5   | Reached skill level 17 in Axes
 17655 | Lair:5   | Reached skill level 5 in Evocations
 17732 | Lair:5   | Reached skill level 15 in Ranged Weapons
 18250 | Lair:5   | Identified the +4 sling "Macepsag" {antimagic, Str+5 Dex-3}
 19064 | D:11     | Reached ***** piety under Trog
 19168 | D:11     | Found a staircase to the Orcish Mines.
 19858 | D:11     | Upgraded the game from 0.30-a0-354-g6b83867211 to
                  | 0.30-a0-358-g0d69a1922f
 19890 | Orc:1    | Entered Level 1 of the Orcish Mines
 21022 | Orc:2    | Entered Level 2 of the Orcish Mines
 21032 | Orc:2    | Reached XP level 14. HP: 138/138 MP: 13/13
 21256 | Orc:2    | Received a gift from Trog
 21257 | Orc:2    | Reached skill level 18 in Axes
 21760 | Orc:2    | Found Detap's Magic Scroll Emporium.
 21760 | Orc:2    | Found Zett's Weapon Shop.
 21763 | Orc:2    | Found Noujorun's Antique Weapon Shoppe.
 21763 | Orc:2    | Found Vytihay's Antique Armour Shop.
 21770 | Orc:2    | Bought a scroll of identify for 30 gold pieces
 21770 | Orc:2    | Bought a scroll of identify for 30 gold pieces
 21770 | Orc:2    | Bought a scroll of identify for 30 gold pieces
 21770 | Orc:2    | Bought a scroll of enchant weapon for 112 gold pieces
 21770 | Orc:2    | Bought 3 scrolls of identify for 90 gold pieces
 21770 | Orc:2    | Bought a scroll of identify for 30 gold pieces
 21780 | Orc:2    | Bought a smoking chain mail for 199 gold pieces
 21780 | Orc:2    | Identified the +7 chain mail "Jagrau" {-Cast rElec Dex+9}
                  | (You bought it in a shop on level 2 of the Orcish Mines)
 21780 | Orc:2    | Bought an embroidered cloak for 157 gold pieces
 21797 | Orc:2    | Bought a scroll of poison for 60 gold pieces
 21797 | Orc:2    | Bought a scroll of poison for 60 gold pieces
 22552 | Orc:2    | Found a staircase to the Elven Halls.
 22886 | D:12     | Identified the +6 mace of Integrity {venom, rN+ Dex+6}
 22931 | D:12     | Noticed Jorgrun
 22953 | D:12     | Killed Jorgrun
 23192 | D:12     | Found a runed translucent door.
 23193 | D:12     | Noticed Pope's ghost (journeyman MiBe)
 23208 | D:12     | Killed Pope's ghost
 23336 | D:12     | Noticed Nessos
 23342 | D:12     | Killed Nessos
 23472 | D:12     | Gained mutation: You have a pair of large horns on your
                  | head. [potion of mutation]
 23472 | D:12     | Gained mutation: You occasionally lose the ability to read
                  | scrolls when taking damage. [potion of mutation]
 23473 | D:12     | Lost mutation: You have a pair of large horns on your head.
                  | [potion of mutation]
 23473 | D:12     | Lost mutation: You occasionally lose the ability to read
                  | scrolls when taking damage. [potion of mutation]
 23473 | D:12     | Gained mutation: Your spells are a little easier to cast,
                  | but a little less powerful. [potion of mutation]
 23473 | D:12     | Gained mutation: You passively dampen the noise of your
                  | surroundings. [potion of mutation]
 23474 | D:12     | Lost mutation: Your spells are a little easier to cast, but
                  | a little less powerful. [potion of mutation]
 23474 | D:12     | Lost mutation: You passively dampen the noise of your
                  | surroundings. [potion of mutation]
 23474 | D:12     | Gained mutation: You are vulnerable to cold. (rC-) [potion
                  | of mutation]
 23475 | D:12     | Lost mutation: You are vulnerable to cold. (rC-) [potion of
                  | mutation]
 23475 | D:12     | Gained mutation: You are partially covered in iridescent
                  | scales. (AC +2) [potion of mutation]
 23623 | D:12     | Noticed Azrael
 23637 | D:12     | Killed Azrael
 23741 | D:12     | Found Nashran's Distillery.
 23792 | D:12     | Bought a potion of curing for 48 gold pieces
 23792 | D:12     | Bought a potion of heal wounds for 80 gold pieces
 23792 | D:12     | Bought a potion of mutation for 128 gold pieces
 24392 | D:13     | Noticed a frost giant
 24402 | D:13     | Killed a frost giant
 24665 | D:13     | Reached skill level 19 in Axes
 24888 | D:13     | Found a frozen archway.
 24892 | D:13     | Reached skill level 10 in Armour
 24892 | D:13     | Reached XP level 15. HP: 132/149 MP: 11/14
 24900 | IceCv    | Entered an ice cave
 25817 | IceCv    | Identified the +9 battleaxe "Tuthrig" {vorpal, Fragile Fly
                  | rElec Stlth+} (Trog gifted it to you in an ice cave)
 25817 | IceCv    | Received a gift from Trog
 26004 | IceCv    | Found the ring of the Mage {Wiz Archmagi}
 26474 | D:13     | Found a gate to the Vaults.
 26792 | D:14     | Identified the +1 trident of the Gloaming {flame, Will++
                  | Str+3 Int+3 Dex+3}
 26812 | D:14     | Identified the +2 robe of Space {+Inv rCorr Dex-5}
 26820 | D:14     | Found a stormy altar of Qazlal.
 27630 | D:14     | Reached skill level 20 in Axes
 27759 | D:14     | Reached skill level 1 in Throwing
 27867 | D:14     | Identified the +1 helmet "Hodofeock" {+Blink rN++ rCorr
                  | Int-2}
 28148 | D:15     | Entered Level 15 of the Dungeon
 28152 | D:15     | Noticed Rupert
 28264 | D:15     | HP: 7/150 [ten-headed hydra (7)]
 28264 | D:15     | Killed Rupert
 28401 | D:15     | Found a staircase to the Depths.
 28424 | D:15     | Reached XP level 16. HP: 159/159 MP: 15/15
 28439 | D:15     | Found Luphidu's Magic Scroll Shop.
 28444 | D:15     | Bought a scroll of silence for 114 gold pieces
 28444 | D:15     | Bought a scroll of magic mapping for 90 gold pieces
 28572 | D:15     | Found a hide-covered altar of Uskayaw.
 29078 | Spider:1 | Entered Level 1 of the Spider Nest
 29146 | Spider:1 | Gained mutation: Your magical capacity is low. (-10% MP)
                  | [mutagenic glow]
 29153 | Spider:1 | Gained mutation: You are clumsy. (Dex -2) [mutagenic glow]
 29509 | Spider:1 | Noticed Nikola
 29532 | Spider:1 | Killed Nikola
 29535 | Spider:1 | Slain by a ghost moth

Illustrated notes

Levels and vault maps discovered:
D:1:      wheals_arrival_linesprint, layout_basic,
          hellmonk_ecumenical_altar_slurped_away, minmay_small_reverse_x
D:2:      layout_loops_ring, amcnicky_mini_rare_corridor_liquid,
          amcnicky_mini_corridor_feature
D:3:      layout_loops_ring, nicolae_vehumet_radiance,
          grunt_temple_overflow_open, uniq_grinder
D:4:      layout_basic, lemuel_round_altar, ebering_ghost_reflecting_pool,
          uniq_sigmund
D:5:      layout_rooms, mainiacjoe_overflow_alcove_4,
          minmay_temple_entry_statues_fountains
D:6:      layout_loops_corners, minmay_manual_mail
D:7:      layout_rooms, mainiacjoe_overflow_24_doors, minivault_24,
          bh_walls_and_bars
D:8:      gammafunk_steamed_eel, layout_basic, kennysheep_mini,
          minmay_diced_spiral
D:9:      layout_roguey, dpeg_oklobed_lair, uniq_maggie, uniq_amaemon
D:10:     layout_grid_maze, overflow_temple_1_default, overflow_temple_1_default
D:11:     layout_roguey, orc_0_dummy
D:12:     nicolae_cairo_tiling_very_big, layout_gridville, serial_shops, shop,
          ebering_ghost_inner_flame, kennysheep_cluttered_room, uniq_nessos,
          uniq_azrael, uniq_jorgrun
D:13:     layout_cave_pools, david_vaults_1, portal_ice_cave_rime,
          minmay_radiant
D:14:     minmay_the_grid_square_5x5_5x5_mashed
          [minmay_the_grid_square_5x5_dogpile,
          minmay_the_grid_square_5x5_moneybag,
          minmay_the_grid_square_5x5_tri_point,
          minmay_the_grid_square_5x5_minibox,
          minmay_the_grid_square_5x5_beaten_path, minmay_the_grid_square_5x5_c,
          minmay_the_grid_square_5x5_prize_junk,
          minmay_the_grid_square_5x5_three_small,
          minmay_the_grid_square_5x5_prize_rear_guard,
          minmay_the_grid_square_5x5_meh, minmay_the_grid_square_5x5_one_wall,
          minmay_the_grid_square_5x5_bridge,
          minmay_the_grid_square_5x5_prize_open,
          minmay_the_grid_square_5x5_inset, minmay_the_grid_square_5x5_mess,
          minmay_the_grid_square_5x5_checkered_sparse,
          minmay_the_grid_square_5x5_prize_pseudospiral,
          minmay_the_grid_square_5x5_fancy_junction,
          minmay_the_grid_square_5x5_prize_waves,
          minmay_the_grid_square_5x5_n_small,
          minmay_the_grid_square_5x5_gyroscope,
          minmay_the_grid_square_5x5_corner, minmay_the_grid_square_5x5_longway,
          minmay_the_grid_square_5x5_inverted_slash,
          minmay_the_grid_square_5x5_plus], layout_stronghold,
          nicolae_qazlal_scattered_showers
D:15:     grunt_enter_depths_giant_problem, layout_cave_pools, serial_shops,
          nicolae_shop_hallway_stairs, nicolae_two_hexagons,
          eat_drink_and_be_merry_uskayaw, uniq_rupert
Lair:1:   layout_cave_pods, minivault_26, serial_bayou_lagoon_a,
          serial_bayou_ford_a, chequers_serial_rivers_micro_d,
          infiniplex_staircase_pool_2, uniq_erica
Lair:2:   layout_chaotic_city, nicolae_spider_entry_orb_guardian,
          serial_bayou_shore_b
Lair:3:   layout_misc_corridors, minmay_shoals_entry_lonely_mermaid,
          chequers_serial_rivers_micro_c, st_stairs_13, minmay_shattered_shrine
Lair:4:   layout_cellular_growth, dpeg_slime_entry_corner, lemuel_fruit_fields,
          uniq_kirke
Lair:5:   gammafunk_lair_ancient_temple, layout_gridlike,
          nicolae_volcano_entry_batcave, serial_bayou_pond_a, lemuel_fruit_tree
Spider:1: layout_spider_delve, uniq_nikola
Orc:1:    layout_diamond_mine
Orc:2:    st_orc_ogre_mass, layout_caves

Skill      XL: |  1  2  3  4  5  6  7  8  9 10 11 12 13 14 15 16 |
---------------+-------------------------------------------------+-----
Axes           | 4 5 6 7 8 10 11 13 15 16 17 19 20 | 20.0
Fighting       | 4 5 6 8 10 12 14 15 16 17 18 | 18.8
Ranged Weapons | 2 4 5 7 9 11 12 14 15 16 18 | 18.0
Armour         | 4 6 8 10 11 | 11.8
Evocations     | 1 4 5 7 |  7.6
Throwing       | 2 3 |  3.5
Dodging        | 3 4 |  4.6

Action                   |  1- 3 |  4- 6 |  7- 9 | 10-12 | 13-15 | 16-18 || total
-------------------------+-------+-------+-------+-------+-------+-------++-------
Melee: Hand axe          |    89 |    61 |   115 |       |       |       ||   265
       Headbutt          |    13 |    14 |    36 |    45 |   101 |    14 ||   223
       Punch             |     3 |     2 |       |       |       |       ||     5
       Morningstar       |       |       |    39 |       |       |       ||    39
       Battleaxe         |       |       |    44 |   253 |   453 |    62 ||   812
       Flail             |       |       |     4 |       |       |       ||     4
       Scimitar          |       |       |       |     6 |    10 |       ||    16
 Fire: Shortbow          |       |    44 |    84 |    35 |       |       ||   163
       Arbalest          |       |       |       |    79 |   472 |    66 ||   617
Throw: Stone             |     1 |       |       |       |       |       ||     1
       Dart              |       |       |     1 |     3 |     3 |     3 ||    10
       Javelin           |       |       |       |       |     1 |       ||     1
Invok: Berserk           |     1 |     3 |    11 |    13 |    15 |     1 ||    44
       Trog's Hand       |       |     3 |     7 |     6 |    22 |     2 ||    40
Evoke: Wand              |       |       |       |    13 |     9 |     2 ||    24
       Box of beasts     |       |       |       |       |     1 |       ||     1
  Use: Scroll            |     1 |     3 |     7 |    13 |    17 |     2 ||    43
       Potion            |       |       |     3 |       |     8 |       ||    11
 Stab: Distracted        |     1 |       |       |       |       |       ||     1
       Sleeping          |     1 |       |       |       |       |       ||     1
       Petrified         |       |       |       |     3 |       |       ||     3
       Invisible         |       |       |       |       |     4 |       ||     4
Armor: Animal skin       |    16 |    12 |       |       |       |       ||    28
       Scale mail        |       |    10 |       |       |       |       ||    10
       Plate armour      |       |       |   165 |   212 |   139 |       ||   516
       Chain mail        |       |       |       |       |   291 |    64 ||   355
       Ice dragon scales |       |       |       |       |     3 |       ||     3
Dodge: Dodged            |    54 |    47 |    99 |   118 |   324 |    57 ||   699

Table legend: (Time is in decaauts)
 A = Elapsed time spent in this place.
 B = Non-inter-level travel time spent in this place.
 C = Inter-level travel time spent in this place.
 D = Time resting spent in this place.
 E = Time spent auto-exploring this place.
 F = Levels seen in this place.
 G = Mean time per level.
                   A        B        C        D        E       F      G
               +--------+--------+--------+--------+--------+-----+--------+
         Total |  30163 |  29005 |   1158 |   8920 |  14776 |  24 | 1256.8 |
       Dungeon |  18420 |  17649 |    771 |   4850 |   9738 |  15 | 1228.0 |
          Lair |   7017 |   6686 |    331 |   1336 |   4331 |   5 | 1403.4 |
   Spider Nest |    447 |    447 |      0 |    148 |    135 |   1 |  447.0 |
  Orcish Mines |   2917 |   2863 |     54 |   1579 |    486 |   2 | 1458.5 |
      Ice Cave |   1360 |   1360 |      0 |   1005 |     85 |   1 | 1360.0 |
               +--------+--------+--------+--------+--------+-----+--------+

Top non-repeatable levels by time:
  Lair:5: 2141 daAuts
     D:9: 2055 daAuts
     D:8: 1774 daAuts
   Orc:1: 1717 daAuts
    D:10: 1714 daAuts
     D:6: 1652 daAuts
    D:14: 1626 daAuts
    D:12: 1593 daAuts
  Lair:4: 1365 daAuts
   IceCv: 1360 daAuts
     D:4: 1347 daAuts
  Lair:1: 1313 daAuts
    D:11: 1232 daAuts
  Lair:3: 1218 daAuts
   Orc:2: 1199 daAuts
